 Dungeon Crawl Stone Soup version 0.32-a0-791-gfc315c9ecd (webtiles) character file.

Game seed: 10422742237031943386

4 Esekla the Sneak (level 1, 16/16 HPs)
             Began as an Octopode Delver on Mar 20, 2024.
             Quit the game on level 5 of the Dungeon.
             The game lasted 00:02:48 (238 turns).

Esekla the Sneak (Octopode Delver)                   Turns: 238, Time: 00:02:48

Health: 16/16      AC:  1    Str: 11    XL:     1   Next: 60%
Magic:  1/1        EV: 12    Int: 12    God:
Gold:   21         SH:  0    Dex: 13    Spells: 0/0 levels left

rFire   . . .        e - +0 dagger
rCold   . . .        (no shield)
rNeg    . . .        (helmet restricted)
rPois   .            (no amulet)
rElec   .            (no ring)
rCorr   .            (no ring)
SInv    .            (no ring)
Will    .....        (no ring)
Stlth   ++++         (no ring)
HPRegen 0.22/turn    (no ring)
MPRegen 0.07/turn    (no ring)
                     (no ring)

%: no passive effects
@: no status effects
A: almost no armour, amphibious, 8 rings, camouflage 1, gelatinous body 1,
(nimble swimmer 1), tentacles
a: no special abilities


You were on level 5 of the Dungeon.
You visited 1 branch of the dungeon, and saw 1 of its levels.

You collected 21 gold pieces.

Inventory:

Hand Weapons
 a - a +0 falchion
 e - a +0 dagger (weapon)
Jewellery
 d - a ring of fire
Wands
 f - a wand of digging (2)
Scrolls
 b - a scroll of fog
 g - a scroll of poison {unknown}
 h - a scroll of vulnerability {unknown}
Potions
 c - a potion of attraction {unknown}


   Skills:
 * Level 3.0 Fighting
 + Level 2.0 Long Blades
 * Level 2.0 Dodging
 + Level 6.7 Stealth
 * Level 0.1 Spellcasting


You couldn't memorise any spells.
You didn't know any spells.
Your spell library was empty.

Dungeon Overview and Level Annotations

Branches:
Dungeon (5/15)
 Temple: D:4-7

Altars:
Kikubaaqudgha
Nemelex Xobeh
Trog
Yredelemnul


Innate Abilities, Weirdness & Mutations

You cannot wear most types of armour.
You are amphibious.
You can wear up to eight rings at the same time.
Your skin changes colour to match your surroundings (Stealth+).
Your rubbery body absorbs attacks. (AC +1, EV +1)
((You are camouflaged when in or above water. (Stealth+)))
You have tentacles for arms and can constrict up to eight enemies at once.


Message History

You see here a ring of fire.
d - a ring of fire
Found a robe.
You see here a +0 robe.
You hit the orc. Your grab misses the orc.
The orc is lightly wounded.
The orc closely misses you.
You barely miss the orc. You grab the orc.
The orc is lightly wounded.
You constrict the orc, but do no damage.
The orc misses you.
You hit the orc. You squeeze the orc.
The orc is heavily wounded.
You constrict the orc, but do no damage.
The orc closely misses you.
You hit the orc but do no damage. You squeeze the orc.
You kill the orc!
Things that are here:
a +0 dagger; a +3 scale mail; an orc corpse
e - a +0 dagger You open the door.
There is an open door here.
You open the door.
There is an open door here.
An orc comes into view. It is wielding a +0 hand axe.
e - a +0 dagger (weapon)
The helpless orc fails to defend itself.
You impale the orc!!
You kill the orc!
Things that are here:
a +0 hand axe; a +0 leather armour
Found a sparkling altar of Nemelex Xobeh.
Aiming: Dig
Press: ? - help, Shift-Dir - straight line A translucent rock wall.
The rock shatters into small pieces.
Found a basalt altar of Yredelemnul and an ancient bone altar of Kikubaaqudgha.
There is a sparkling altar of Nemelex Xobeh here.
Found a stone staircase leading down.
Are you sure you want to abandon this character and quit the game? (Confirm with "yes".)

#.###.....# #)#
#.####...#* ###### #.#
........#####....###.#
#.##.#..^.....#......#
#.##....########.#####
#.#####.# ###_###
#.......# #ß...ß#
#######.# ##.....## ###
#.# #ß..@..ß# *#.#* #.#
##.....##
#.#.###.######ß...ß#
.#*#.#......##.....#* ##
##.....###_....._*
.###.#....# ##.....##
#.#.#.....#**#ß...ß#
##.###......####>###*****
#### ##.##### *******,,,*


There were no monsters in sight!

Vanquished Creatures
  2 orcs (D:5)
2 creatures vanquished.

Notes
Turn   | Place    | Note
-------+----------+-------------------------------------------
     0 | D:5      | Esekla the Octopode Delver began the quest for the Orb.
     0 | D:5      | Reached XP level 1. HP: 16/16 MP: 1/1
    13 | D:5      | Noticed an orc wizard
    26 | D:5      | Noticed a scorpion
    63 | D:5      | Noticed an ice beast
   146 | D:5      | Found a bloodstained altar of Trog.
   146 | D:5      | Noticed an ogre
   227 | D:5      | Found a sparkling altar of Nemelex Xobeh.
   234 | D:5      | Found a basalt altar of Yredelemnul.
   234 | D:5      | Found an ancient bone altar of Kikubaaqudgha.
   238 | D:5      | Quit the game

Illustrated notes

Levels and vault maps discovered:
D:5:      layout_loops_corners, nicolae_overflow_hidden_temple,
          trog_three_pillars_becter, uniq_blork_the_orc

Action                     || total
---------------------------++-------
  Melee: Falchion          ||     4
         Tentacles         ||     2
         Dagger            ||     1
         Constrict         ||     1
  Evoke: Wand              ||     1
    Use: Scroll            ||     2
         Potion            ||     1
   Stab: Sleeping          ||     1
  Dodge: Dodged            ||     4

Table legend: (Time is in decaauts)
 A = Elapsed time spent in this place.
 B = Non-inter-level travel time spent in this place.
 C = Inter-level travel time spent in this place.
 D = Time resting spent in this place.
 E = Time spent auto-exploring this place.
 F = Levels seen in this place.
 G = Mean time per level.
                   A        B        C        D        E       F      G
               +--------+--------+--------+--------+--------+-----+--------+
         Total |    222 |    222 |      0 |      0 |      0 |   1 |  222.0 |
       Dungeon |    222 |    222 |      0 |      0 |      0 |   1 |  222.0 |
               +--------+--------+--------+--------+--------+-----+--------+

Top non-repeatable levels by time:
     D:5: 222 daAuts
